 Dungeon Crawl Stone Soup version 0.27-a0-637-g3a9f0a9c12 (webtiles) character file.

Game seed: 57620133950258527

240 Aggronaut the Vexing (level 5, 0/24 HPs)
             Began as a Spriggan Enchanter on Mar 15, 2021.
             Slain by a goblin
             ... wielding a +0 club
             ... led by Robin
              (6 damage)
             ... on level 2 of the Dungeon.
             The game lasted 00:05:55 (2174 turns).

Aggronaut the Vexing (Spriggan Enchanter)           Turns: 2174, Time: 00:05:56

Health: 0/24       AC:  3    Str:  5    XL:     5   Next: 80%
Magic:  10/10      EV: 17    Int: 17    God:
Gold:   49         SH:  0    Dex: 15    Spells: 3/9 levels left

rFire    . . .     SeeInvis +   a - +1 dagger
rCold    . . .     Faith    .   (shield restricted)
rNeg     . . .     Spirit   .   b - +0 robe
rPois    +         Reflect  .   o - +1 hat
rElec    .         Harm     .   (no cloak)
rCorr    .         Rampage  .   (gloves unavailable)
Will     .....                  (boots unavailable)
Stlth    +++.......             h - amulet of magic regeneration
HPRegen  0.08/turn              i - ring of poison resistance
MPRegen  0.37/turn              (no ring)

@: very quick
A: very small, no large weapons, unfitting armour, see invisible, speed 3
a: no special abilities


You were on level 2 of the Dungeon.
You visited 1 branch of the dungeon, and saw 2 of its levels.

You collected 49 gold pieces.

Inventory:

Hand Weapons
 a - a +1 dagger (weapon)
Armour
 b - a +0 robe (worn)
 o - a +1 hat (worn)
Jewellery
 h - an amulet of magic regeneration (around neck)
 i - a ring of poison resistance (right hand)
 n - a ring of magical power
Scrolls
 c - a scroll of teleportation {unknown}
 d - 2 scrolls of identify {unknown}
 g - 2 scrolls of magic mapping {unknown}
 r - 3 scrolls of immolation {unknown}
 s - a scroll of fear {unknown}
Potions
 e - a potion of mutation {unknown}
 f - 2 potions of curing {unknown}
 j - a potion of haste {unknown}
 k - 4 potions of attraction {unknown}
 l - a potion of invisibility {unknown}
 m - a potion of heal wounds {unknown}
 p - a potion of ambrosia {unknown}
 q - a potion of resistance {unknown}


   Skills:
 + Level 3.7 Short Blades
 - Level 2.6 Dodging
 - Level 4.4 Stealth
 - Level 2.6 Spellcasting
 * Level 6.8 Hexes


You had 3 spell levels left.
You knew the following spells:

 Your Spells              Type           Power      Damage    Failure   Level
a - Corona                Hex            27%        N/A       1%          1
b - Ensorcelled Hibernat  Hex/Ice        26%        N/A       7%          2
c - Confusing Touch       Hex            25%        N/A       3%          3

Your spell library contained the following spells:

 Spells                   Type           Power      Damage    Failure   Level
 Tukima's Dance           Hex            25%        N/A       3%          3
 Dazzling Flash           Conj/Hex       26%        N/A       13%         3


Dungeon Overview and Level Annotations

Branches:
Dungeon (2/15)

Altars:

Annotations:
D:2 Robin


Innate Abilities, Weirdness & Mutations

You are very small and have problems with some larger weapons.
You are too small for most types of armour.
You have supernaturally acute eyesight. (SInv)
You cover ground extremely quickly. (Speed+++)


Message History

Robin resists with significant effort.
The goblin hits you with a +0 club. Robin throws the goblin at you!
You see here an adder skeleton.
You miss the goblin. The goblin closely misses you.
You barely miss the goblin. The goblin barely misses you.
You hit the goblin but do no damage. The goblin hits you with a +0 club.
The goblin barely misses you.
You hit the goblin.
The goblin is moderately wounded.
Robin roars a battlecry!
The goblin misses you.
You hit the goblin.
You kill the goblin!
Robin throws the goblin at you! The goblin hits you with a +0 club.
You hit the goblin.
The goblin is severely wounded.
The goblin hits you.
You hit the goblin.
You kill the goblin!
The goblin closely misses you.
Things that are here:
a +0 club; a goblin corpse The hobgoblin shouts!
You see here a +0 dagger.
The goblin no longer looks unusually strong.
The goblin no longer looks unusually strong.
The goblin no longer looks unusually strong.
There is a stone staircase leading down here.
Robin roars a battlecry!
The goblins go into a battle-frenzy!
You completely miss the goblin. The goblin closely misses you.
The goblin hits you with a +0 club.
There is a stone staircase leading down here.
You barely miss the goblin. The goblin hits you with a +0 club.
You barely miss the goblin. The goblin hits you with a +0 club.
* * * LOW HITPOINT WARNING * * *
You can't go up here!
Unknown command.
The goblin hits you with a +0 club.
You die...

#.# #.#..##.# #.......## #.#
#.#..##.# #.......## #.#
#.#.....# #.....gg.. #.#
#.##(#######.....gg.. #.#
#.......†.########g..
#.###########.####)# #g..
#.............# #†# #...
#############g####.########.g.
#@g.gg.gg.)g÷g.gg.
#g###..########gg. #.# #..#
##.. ####.# #..# ##. #....#
#..# ###.
#.######..########...
#.........#........##
#.#.#####.#........##
#.#.#...#.#.....<..##


You could see Robin, a hobgoblin (strong) and 5 goblins.

Vanquished Creatures
  Sigmund (D:2)
  Natasha (D:2)
  An adder (D:2)
  A dart slug (D:2)
  A ball python (D:1)
  4 giant cockroaches (D:1)
  9 goblins
  6 hobgoblins
  8 jackals
  2 bats (D:2)
  2 frilled lizards (D:1)
  11 kobolds
  5 rats
52 creatures vanquished.

Notes
Turn   | Place    | Note
-------+----------+-------------------------------------------
     0 | D:1      | Aggronaut the Spriggan Enchanter began the quest for the
                  | Orb.
     0 | D:1      | Reached XP level 1. HP: 9/9 MP: 5/5
   343 | D:1      | Reached skill level 4 in Hexes
   476 | D:1      | Reached XP level 2. HP: 12/13 MP: 6/6
  1156 | D:1      | Reached XP level 3. HP: 14/16 MP: 8/8
  1179 | D:1      | Learned a level 2 spell: Ensorcelled Hibernation
  1322 | D:2      | Noticed Natasha
  1331 | D:2      | Killed Natasha
  1332 | D:2      | Reached skill level 5 in Hexes
  1399 | D:2      | Noticed Sigmund
  1449 | D:2      | Learned a level 3 spell: Confusing Touch
  1532 | D:2      | Reached XP level 4. HP: 13/21 MP: 9/9
  1811 | D:2      | Killed Sigmund
  1812 | D:2      | Reached skill level 6 in Hexes
  1812 | D:2      | Reached XP level 5. HP: 24/24 MP: 8/10
  1978 | D:2      | Noticed Robin
  2174 | D:2      | Slain by a goblin

Illustrated notes

Levels and vault maps discovered:
D:1:      lemuel_arrival_behind_the_door_large, layout_rooms,
          minmay_misc_feat_pillars
D:2:      layout_basic, chequers_ecumenical_altar_twisty, uniq_natasha,
          uniq_robin, uniq_sigmund

Skill      XL: |  1  2  3  4 |
---------------+-------------+-----
Hexes          | 4 5 6 |  6.8
Short Blades   | 2 3 |  3.7
Dodging        | |  2.6
Stealth        | |  4.4
Spellcasting   | |  2.6

Action                   |  1- 3 |  4- 6 || total
-------------------------+-------+-------++-------
Melee: Dagger            |   192 |    62 ||   254
 Cast: Ensorcelled Hiber |     6 |     8 ||    14
 Stab: Sleeping          |     9 |     4 ||    13
Armor: Robe              |    23 |     7 ||    30
Dodge: Dodged            |   144 |    46 ||   190

Table legend: (Time is in decaauts)
 A = Elapsed time spent in this place.
 B = Non-inter-level travel time spent in this place.
 C = Inter-level travel time spent in this place.
 D = Time resting spent in this place.
 E = Time spent auto-exploring this place.
 F = Levels seen in this place.
 G = Mean time per level.
                   A        B        C        D        E       F      G
               +--------+--------+--------+--------+--------+-----+--------+
         Total |   1812 |   1806 |      6 |    975 |    332 |   2 |  906.0 |
       Dungeon |   1812 |   1806 |      6 |    975 |    332 |   2 |  906.0 |
               +--------+--------+--------+--------+--------+-----+--------+

Top non-repeatable levels by time:
     D:1: 1112 daAuts
     D:2: 699 daAuts
